[Event "ICCopen2016"]
[Site "Internet Chess Club"]
[Date "2016.06.03"]
[Round "5"]
[White "fearlessone"]
[Black "boydjj"]
[Result "1/2-1/2"]
[ICCResult "Black ran out of time and White has no material to mate"]
[WhiteElo "1670"]
[BlackElo "1469"]
[Opening "Van't Kruijs opening"]
[ECO "A00"]
[Time "19:42:42"]
[TimeControl "180+0"]

1. e3 e6 2. Ne2 b6 3. d3 Bb7 4. Nd2 Nc6 5. e4 Qe7 6. g3 O-O-O 7. Bg2 h5 8.
O-O h4 9. b3 hxg3 10. fxg3 f6 11. Bb2 g5 12. Nf3 Qh7 13. Rf2 Nh6 14. h3 e5
15. g4 Bc5 16. d4 exd4 17. Nexd4 Qxe4 18. Nxg5 Qe3 19. Ngf3 Ne5 20. Qe2
Nxf3+ 21. Bxf3 Bxd4 22. Bxd4 Qxd4 23. Bxb7+ Kxb7 24. Rd1 Qc5 25. Qf3+ Qc6
26. Qxf6 Qxf6 27. Rxf6 Ng8 28. Rf7 Nh6 29. Rfxd7 Rxd7 30. Rxd7 Re8 31. Rd2
Nf7 32. Kg2 Nd6 33. Rf2 Re3 34. g5 Re6 35. Kh2 Rg6 36. Rg2 Ne4 37. h4 c5 38.
Kh3 Kc6 39. h5 Rxg5 40. Rxg5 Nxg5+ 41. Kg4 Nh7 42. Kf5 Kd5 43. Kg6 Nf8+ 44.
Kf7 Ne6 45. h6 a5 46. h7 Ng5+ 47. Kg6 Nxh7 48. Kxh7 b5 49. Kg6 a4 50. Kf5
axb3 51. axb3 Kd4 52. Kf4 Kc3 53. b4 cxb4 54. Ke3 Kxc2 55. Ke2 b3 56. Ke3 b2
57. Kf4 {Black ran out of time and White has no material to mate} 1/2-1/2

[Event "ICCopen2016"]
[Site "Internet Chess Club"]
[Date "2016.06.03"]
[Round "5"]
[White "BISPOMAU"]
[Black "smyslovfan"]
[Result "1/2-1/2"]
[ICCResult "Game drawn by repetition"]
[WhiteElo "2144"]
[BlackElo "1596"]
[Opening "Caro-Kann defense"]
[ECO "B10"]
[NIC "CK.01"]
[Time "19:43:23"]
[TimeControl "180+0"]

1. e4 c6 2. Nf3 d5 3. exd5 cxd5 4. d4 Nf6 5. Bd3 g6 6. O-O Bg7 7. h3 O-O 8.
c3 Nc6 9. Re1 Bf5 10. Bxf5 gxf5 11. Bf4 e6 12. Nbd2 Ne4 13. Ne5 Kh8 14. f3
Nxd2 15. Qxd2 Nxe5 16. Bxe5 Bxe5 17. Rxe5 Rg8 18. c4 dxc4 19. d5 Qf6 20. f4
Rad8 21. d6 Rg3 22. Qd4 Rd3 23. Qxc4 R3xd6 24. Rae1 Kg7 25. Qc3 Rd3 26. Qb4
R8d7 27. R5e3 Rd1 28. Rxd1 Rxd1+ 29. Kh2 Qd4 30. Rg3+ Kf6 31. Qxd4+ Rxd4 32.
Rb3 b6 33. g3 Rd2+ 34. Kg1 h5 35. h4 Ke7 36. Ra3 a5 37. Rb3 Rd6 38. Kf2 Kd7
39. Ke3 Kc7 40. Rc3+ Kd7 41. a4 Rd1 42. b3 Kd6 43. Ke2 Rd5 44. Ke3 Rc5 45.
Rd3+ Rd5 46. Rc3 Rc5 47. Rd3+ Rd5 48. Rc3 Rc5 {Game drawn by repetition}
1/2-1/2

[Event "ICCopen2016"]
[Site "Internet Chess Club"]
[Date "2016.06.03"]
[Round "5"]
[White "Pitchoun"]
[Black "Sebs"]
[Result "0-1"]
[ICCResult "White checkmated"]
[WhiteElo "2770"]
[BlackElo "3002"]
[Opening "English opening"]
[ECO "E90"]
[NIC "KI.20"]
[Time "19:43:02"]
[TimeControl "180+0"]

1. Nf3 Nf6 2. c4 g6 3. Nc3 Bg7 4. e4 O-O 5. d4 d6 6. h3 e5 7. d5 a5 8. Be3
Na6 9. g4 Nd7 10. a3 Nb6 11. Rg1 Bd7 12. h4 Nc5 13. Nd2 Qxh4 14. b4 axb4 15.
axb4 Rxa1 16. Qxa1 Ra8 17. Qb1 Nca4 18. Nxa4 Nxa4 19. Qd1 Nc3 20. Qc1 Na2
21. Qb2 Bxg4 22. c5 f5 23. cxd6 cxd6 24. Bc4 Nxb4 25. Qxb4 Ra1+ 26. Nb1 Qh2
27. Rf1 f4 28. Bd2 Qg2 29. Bc3 Qxe4+ 30. Kd2 Ra8 31. Qxb7 Re8 32. Bd3 Qg2
33. Bb4 e4 34. Bb5 e3+ 35. Kc2 e2 36. Re1 Bc8 37. Qc6 Bf5+ 38. Kb3 Rc8 39.
Qxd6 Qf3+ 40. Ka4 Ra8+ 41. Ba6 Rxa6+ 42. Qxa6 Bd7+ 43. Ka5 Qxd5+ 44. Kb6
Qc6+ 45. Ka7 Bd4+ 46. Bc5 Bxc5+ 47. Kb8 Qxa6 48. Rxe2 Bd6# {White
checkmated} 0-1

[Event "ICCopen2016"]
[Site "Internet Chess Club"]
[Date "2016.06.03"]
[Round "5"]
[White "waynehatcher"]
[Black "servantalt"]
[Result "1-0"]
[ICCResult "Black checkmated"]
[WhiteElo "1576"]
[BlackElo "1611"]
[Opening "Réti opening"]
[ECO "A11"]
[NIC "QP.11"]
[Time "19:43:28"]
[TimeControl "180+0"]

1. Nf3 c6 2. c4 d5 3. c5 e6 4. d4 Ne7 5. g3 Nf5 6. Bg2 Be7 7. O-O O-O 8. Nc3
g6 9. Bf4 a6 10. b4 Nd7 11. a3 Re8 12. e3 b6 13. Na4 b5 14. Nc3 a5 15. g4
Ng7 16. Bg3 a4 17. h3 f5 18. Nh2 fxg4 19. Nxg4 Nf5 20. Ne5 Nxe5 21. Bxe5 Bf6
22. f4 Nxe3 23. Qd2 Nxf1 24. Rxf1 Rf8 25. Ne2 Bxe5 26. dxe5 Ra7 27. Nd4 Rc7
28. Qf2 Bb7 29. Qg3 Qe8 30. h4 Rcf7 31. Bh3 Qd8 32. Nxe6 Qe7 33. Nd4 Bc8 34.
Nxc6 Qc7 35. Bxc8 Rxc8 36. Nd4 Rcf8 37. Ne6 Qb7 38. Nxf8 Rxf8 39. Qg4 d4 40.
Qe6+ Kg7 41. Qd6 Qe4 42. e6 Qe3+ 43. Kg2 Qe2+ 44. Rf2 Qg4+ 45. Kf1 Qd1+ 46.
Kg2 Qg4+ 47. Kh1 Qh3+ 48. Kg1 Qg3+ 49. Rg2 Qe1+ 50. Kh2 Qxh4+ 51. Kg1 Qe1+
52. Kh2 Qh4+ 53. Kg1 Rxf4 54. Qe5+ Kh6 55. e7 Qe1+ 56. Qxe1 d3 57. e8=Q d2
58. Qxd2 g5 59. Qxf4 gxf4 60. Qe6+ Kh5 61. Qg4+ Kh6 62. Qg5# {Black
checkmated} 1-0

[Event "ICCopen2016"]
[Site "Internet Chess Club"]
[Date "2016.06.03"]
[Round "5"]
[White "franco"]
[Black "TitaniumNinja01"]
[Result "1-0"]
[ICCResult "Black forfeits on time"]
[WhiteElo "1149"]
[BlackElo "1246"]
[Opening "Old Benoni defense"]
[ECO "A43"]
[NIC "OI.09"]
[Time "19:42:53"]
[TimeControl "180+0"]

1. d4 c5 2. d5 d6 3. e4 Nf6 4. Nc3 e6 5. f4 exd5 6. exd5 Qe7+ 7. Be2 Na6 8.
Nf3 Nc7 9. O-O g6 10. Bd3 Nfxd5 11. Re1 Be6 12. Nxd5 Nxd5 13. Bb5+ Kd8 14.
c3 a6 15. Bd3 Bh6 16. Qe2 Qd7 17. g3 Re8 18. Qf2 Bg4 19. Kg2 Bh3+ 20. Kg1
Kc7 21. Bf1 Bxf1 22. Qxf1 Bg7 23. Bd2 b5 24. a3 Qg4 25. Qg2 Rad8 26. h3 Qd7
27. Ng5 f6 28. Qxd5 fxg5 29. fxg5 Qxh3 30. Qg2 Qg4 31. Rxe8 Rxe8 32. Re1 Be5
33. Bf4 Kd7 34. Bxe5 Rxe5 35. Rxe5 dxe5 36. Kh2 Qh5+ 37. Kg1 Qd1+ 38. Kh2
Qh5+ 39. Qh3+ Qxh3+ 40. Kxh3 Ke6 41. Kg4 Kd5 42. b3 Ke4 43. b4 Ke3 44. bxc5
Kd3 45. c6 e4 46. c7 e3 47. c8=Q e2 48. Qe8 e1=R 49. Qxe1 Kc2 50. Qe2+ Kb3
51. Qd3 Kb2 52. c4 {Black forfeits on time} 1-0

[Event "ICCopen2016"]
[Site "Internet Chess Club"]
[Date "2016.06.03"]
[Round "5"]
[White "alphajet26"]
[Black "TudoracheM"]
[Result "1-0"]
[ICCResult "Black forfeits on time"]
[WhiteElo "1643"]
[BlackElo "1722"]
[Opening "Sicilian: Nimzovich-Rossolimo attack (with ...g6, without ...d6)"]
[ECO "B31"]
[NIC "SI.31"]
[Time "19:42:56"]
[TimeControl "180+0"]

1. e4 c5 2. Nf3 Nc6 3. Bb5 g6 4. Nc3 Bg7 5. d3 h6 6. O-O Nf6 7. e5 Ng4 8.
Bxc6 dxc6 9. Re1 Qc7 10. Bf4 g5 11. Bg3 h5 12. e6 Qd8 13. exf7+ Kf8 14. Nxg5
Bf6 15. Ne6+ Bxe6 16. Rxe6 Kxf7 17. Qe2 Rg8 18. Re1 h4 19. Bf4 Rg6 20. h3
Nh6 21. Qh5 Ng8 22. Qxc5 Qd4 23. Rxe7+ Nxe7 24. Rxe7+ Kg8 25. Qh5 Rg7 26.
Re4 Qd8 27. Bh6 Qf8 28. Bxg7 Qf7 29. a3 Qxg7 30. Rg4 Rf8 31. Rxg7+ Bxg7 32.
f3 Rf6 33. Ne4 Re6 34. Qxh4 Re8 35. Qg5 Rf8 36. Nf6+ Rxf6 37. Qg4 Rf7 38. h4
Kh7 39. Qc4 Bh6 40. Qxf7+ Bg7 41. Qxb7 Kh6 42. Qxa7 c5 43. Qxc5 Bf6 44. Qd5
{Black forfeits on time}
1-0

[Event "ICCopen2016"]
[Site "Internet Chess Club"]
[Date "2016.06.03"]
[Round "5"]
[White "Fioro"]
[Black "ChessHouston"]
[Result "1-0"]
[ICCResult "Black forfeits on time"]
[WhiteElo "2337"]
[BlackElo "1834"]
[Opening "Pirc: Austrian attack, dragon formation"]
[ECO "B09"]
[NIC "PU.05"]
[Time "19:43:07"]
[TimeControl "180+0"]

1. e4 d6 2. d4 Nf6 3. Nc3 g6 4. f4 Bg7 5. Nf3 c5 6. d5 O-O 7. a4 a6 8. Bd3
Bg4 9. O-O Nbd7 10. h3 Bxf3 11. Qxf3 e6 12. dxe6 fxe6 13. a5 b5 14. axb6
Nxb6 15. Rxa6 Rxa6 16. Bxa6 c4 17. Be3 Qc7 18. Bb5 d5 19. e5 Nfd7 20. Qg4
Nc5 21. Kh1 Rf5 22. Bd4 Ne4 23. Nxe4 dxe4 24. c3 Nd5 25. g3 Kf7 26. Ra1 h5
27. Qe2 Ne7 28. Qxe4 Qb8 29. Ra5 g5 30. fxg5 Rxg5 31. Qf4+ Kg6 32. Bxc4 Qxb2
33. Bd3+ Nf5 34. Ra6 Qb7+ 35. Be4 Qd7 36. Rd6 Qb5 37. Rxe6+ Kf7 38. Rb6 Qe2
39. Qf3 {Black forfeits on time} 1-0

[Event "ICCopen2016"]
[Site "Internet Chess Club"]
[Date "2016.06.03"]
[Round "5"]
[White "baconwithfries"]
[Black "InigoMI"]
[Result "0-1"]
[ICCResult "White forfeits on time"]
[WhiteElo "1329"]
[BlackElo "1579"]
[Opening "Benoni defense"]
[ECO "A56"]
[NIC "OI.06"]
[Time "19:42:58"]
[TimeControl "180+0"]

1. d4 Nf6 2. c4 c5 3. Nc3 cxd4 4. Qxd4 Nc6 5. Qd1 d6 6. e4 g6 7. Nge2 Bg7 8.
f3 a6 9. g4 Ne5 10. Ng3 Nfxg4 11. fxg4 Bxg4 12. Be2 Bh3 13. Rg1 Rc8 14. b3
b5 15. Bb2 bxc4 16. bxc4 Nxc4 17. Qa4+ Qd7 18. Qxa6 O-O 19. Bxc4 Rxc4 20.
Qxc4 Rc8 21. Qb3 Be6 22. Qb5 Bxc3+ 23. Bxc3 Qxb5 24. O-O-O Rxc3+ 25. Kd2
Qd3+ 26. Ke1 Qe3+ 27. Ne2 Rc2 28. Rg2 Bh3 29. Rf2 Rxe2+ 30. Rxe2 Qg1+ 31.
Kd2 Qd4+ 32. Ke1 Qc3+ {White forfeits on time} 0-1

[Event "ICCopen2016"]
[Site "Internet Chess Club"]
[Date "2016.06.03"]
[Round "5"]
[White "ChessGeek"]
[Black "HawkKing"]
[Result "0-1"]
[ICCResult "White resigns"]
[WhiteElo "1795"]
[BlackElo "2281"]
[Opening "French: King's Indian attack"]
[ECO "C00"]
[NIC "FR.02"]
[Time "19:43:25"]
[TimeControl "180+0"]

1. e4 e6 2. d3 d5 3. Qe2 dxe4 4. dxe4 Nc6 5. Nf3 Bc5 6. g3 Nge7 7. Bg2 O-O
8. O-O e5 9. Rd1 Qe8 10. h3 Be6 11. Nc3 Rd8 12. Bg5 f6 13. Be3 Nd4 14. Bxd4
exd4 15. Nb5 Qc6 16. Nbxd4 Qb6 17. Nxe6 Qxe6 18. c3 a5 19. Nd4 Qb6 20. Nb3
Bd6 21. Nd4 Bc5 22. Nb3 a4 23. Nxc5 Qxc5 24. Rd3 Nc6 25. Rad1 Rde8 26. Rd5
Qb6 27. Rb5 Qa6 28. Qc4+ Kh8 29. Qc5 h6 30. Rd5 Rf7 31. e5 fxe5 32. Rd2 Rg8
33. Bxc6 bxc6 34. Rb4 Rgf8 35. Re4 Rf5 36. Rxe5 Rf3 37. Re3 R3f5 38. Re5
R5f6 39. Re3 a3 40. b3 Rf5 41. Qd4 Rd5 42. Qxd5 cxd5 43. Rxd5 Qf6 44. Rdd3
Qxf2+ {White resigns} 0-1

[Event "ICCopen2016"]
[Site "Internet Chess Club"]
[Date "2016.06.03"]
[Round "5"]
[White "Aedes"]
[Black "Kalmyk"]
[Result "1-0"]
[ICCResult "Black resigns"]
[WhiteElo "2545"]
[BlackElo "3002"]
[Opening "English: Neo-Catalan accepted"]
[ECO "A13"]
[NIC "RE.10"]
[Time "19:43:24"]
[TimeControl "180+0"]

1. Nf3 Nf6 2. c4 e6 3. g3 d5 4. Bg2 dxc4 5. Qa4+ Bd7 6. Qxc4 c5 7. Ne5 Qc8
8. O-O Nc6 9. Nxd7 Qxd7 10. Nc3 Rc8 11. d3 Be7 12. Qa4 O-O 13. Be3 a6 14.
Rfc1 b5 15. Qxa6 b4 16. Ne4 Nxe4 17. Bxe4 Nd4 18. Bxd4 Qxd4 19. Rc2 g6 20.
Qc4 Qd6 21. a4 bxa3 22. bxa3 Rb8 23. a4 Rb4 24. Qa2 Rfb8 25. a5 Qa6 26. e3
Bd6 27. Rc4 Rb2 28. Qa4 R8b5 29. d4 cxd4 30. Rxd4 Rc5 31. Bd3 Qc6 32. Qxc6
Rxc6 33. a6 Bb8 34. a7 Bxa7 35. Rxa7 {Black resigns} 1-0

[Event "ICCopen2016"]
[Site "Internet Chess Club"]
[Date "2016.06.03"]
[Round "5"]
[White "Indiana-Jones"]
[Black "stoptryharding"]
[Result "0-1"]
[ICCResult "White resigns"]
[WhiteElo "2824"]
[BlackElo "2321"]
[Opening "Queen's bishop game"]
[ECO "D02"]
[NIC "QP.09"]
[Time "19:43:24"]
[TimeControl "180+0"]

1. Nf3 d5 2. d4 Nf6 3. Bf4 c5 4. e3 Nc6 5. c3 Qb6 6. Qb3 c4 7. Qc2 Bf5 8.
Qc1 Nh5 9. Bg3 h6 10. Nbd2 e6 11. Be2 Nxg3 12. hxg3 Rc8 13. O-O Be7 14. Bd1
Bd3 15. Re1 O-O 16. e4 dxe4 17. Nxe4 Qb5 18. Bc2 Rfd8 19. Ned2 Bxc2 20. Qxc2
Qd5 21. Re2 b5 22. Ne5 Bd6 23. Nxc6 Rxc6 24. a3 a5 25. Nf3 Rb8 26. Ne5 Rcb6
27. Ng4 Qg5 28. Ne3 a4 29. Qe4 h5 30. Rae1 g6 31. Nf1 Kg7 32. Nh2 Qf5 33.
Qe3 R6b7 34. Nf3 Rh8 35. Nh4 Qd5 36. Qe4 Qxe4 37. Rxe4 Kf6 38. Nf3 Rd8 39.
Ne5 Rc7 40. R1e3 Kg7 41. Rf3 Bxe5 42. Rxe5 Rd5 43. Rfe3 Rcd7 44. f4 Rxe5 45.
fxe5 f5 46. exf6+ Kxf6 47. Rf3+ Ke7 48. Kf2 Rd5 49. Ke3 Rg5 50. Kf4 Kf6 51.
Ke4+ Ke7 52. Kf4 Rd5 53. Re3 Rf5+ 54. Ke4 Kd6 55. Rf3 Rg5 56. Kf4 Rg4+ 57.
Ke3 e5 58. dxe5+ Kxe5 59. Kf2 Kd5 60. Rf8 Ke4 61. Rd8 Rg5 62. Rd4+ Ke5 63.
Rd8 Rf5+ 64. Ke3 Rg5 65. Kf3 Rf5+ 66. Ke2 Rg5 67. Re8+ Kf6 68. Rf8+ Kg7 69.
Rf3 Kh6 70. Kf2 Rd5 71. Ke3 Kg5 72. Ke4 Rd2 73. Rf8 Rxg2 74. Rb8 Rxb2 75.
Kf3 Rb3 76. Ke4 Kg4 {White resigns} 0-1

[Event "ICCopen2016"]
[Site "Internet Chess Club"]
[Date "2016.06.03"]
[Round "5"]
[White "airantrobo"]
[Black "Taechess"]
[Result "1-0"]
[ICCResult "Black forfeits on time"]
[WhiteElo "1541"]
[BlackElo "1318"]
[Opening "Nimzo-Indian: Romanishin-Kasparov (Steiner) system"]
[ECO "E20"]
[NIC "NI.29"]
[Time "19:43:15"]
[TimeControl "180+0"]

1. d4 e6 2. c4 Nf6 3. Nc3 Bb4 4. g3 O-O 5. Nf3 Ne4 6. Qc2 Bxc3+ 7. bxc3 Nf6
8. Bg2 d6 9. O-O Nbd7 10. e4 c5 11. Ba3 Qc7 12. Rad1 e5 13. dxe5 dxe5 14.
Rfe1 Re8 15. Bc1 b6 16. Nh4 Bb7 17. Nf5 Nf8 18. Bg5 Qc6 19. Bxf6 Qxf6 20.
Nd6 Reb8 21. Nxb7 Rxb7 22. Rd5 Rd7 23. Red1 Rxd5 24. cxd5 Nd7 25. c4 Qe7 26.
Bh3 a6 27. Bxd7 Qxd7 28. Qb3 b5 29. cxb5 axb5 30. Rc1 c4 31. Qb2 g6 32. Qxe5
Rxa2 33. d6 Qa7 34. Qf4 Qc5 35. Rd1 Qc8 36. d7 Qd8 37. Qe5 Kf8 38. Qh8+ Ke7
39. Qe5+ Kf8 40. Qxb5 c3 41. Qb4+ Kg8 42. Qxc3 Ra7 43. Qc8 Ra8 44. Qc6 Kf8
45. Qd6+ Kg8 46. Qe5 Ra7 47. Qb5 Kf8 48. Kg2 Ke7 49. Qc5+ Ke6 50. Qxa7 Ke7
51. Qc5+ Kf6 52. Qc8 Kg7 53. Qxd8 Kh6 54. Qf8+ Kg5 55. f4+ Kg4 56. Rd3 f5
57. h3+ Kh5 58. Qg8 h6 59. g4+ Kh4 60. gxf5 {Black forfeits on time} 1-0

[Event "ICCopen2016"]
[Site "Internet Chess Club"]
[Date "2016.06.03"]
[Round "5"]
[White "ROWLAND"]
[Black "misterNobody"]
[Result "0-1"]
[ICCResult "White checkmated"]
[WhiteElo "1566"]
[BlackElo "1642"]
[Opening "St. George (Baker) defense"]
[ECO "B00"]
[NIC "VO.17"]
[Time "19:43:34"]
[TimeControl "180+0"]

1. e4 a6 2. d4 d6 3. c3 Nd7 4. f4 h6 5. Nf3 e6 6. g3 Be7 7. Bg2 b6 8. O-O
Bb7 9. Be3 Ngf6 10. Nbd2 Ng4 11. e5 Nxe3 12. Qe2 Nxf1 13. Nxf1 d5 14. Ne3 c5
15. Ng4 h5 16. Ne3 h4 17. g4 h3 18. Bh1 cxd4 19. cxd4 b5 20. f5 Qb6 21. fxe6
fxe6 22. Qd3 O-O 23. Qg6 Rf7 24. g5 Raf8 25. Qh5 Rxf3 26. g6 Rf1+ 27. Rxf1
Rxf1+ 28. Kxf1 Nf8 29. Qxh3 Qxd4 30. Bg2 Qd3+ 31. Kg1 Bc5 32. Kh1 Qxe3 33.
Qxe3 Bxe3 34. h3 Bf4 35. h4 Bxe5 36. h5 Bxb2 37. Kh2 e5 38. Kh3 e4 39. Kg3
d4 40. Kf2 d3 41. Ke3 Bc1+ 42. Kf2 d2 43. Ke2 e3 44. Kd1 Bxg2 45. Ke2 Bf3+
46. Kxe3 d1=Q+ 47. Kf2 Qe2+ 48. Kg3 Qg2+ 49. Kh4 Qg4# {White checkmated} 0-1

[Event "ICCopen2016"]
[Site "Internet Chess Club"]
[Date "2016.06.03"]
[Round "5"]
[White "Chaos23"]
[Black "BrentMusburger"]
[Result "0-1"]
[ICCResult "White forfeits on time"]
[WhiteElo "1988"]
[BlackElo "2410"]
[Opening "Queen's bishop game"]
[ECO "D02"]
[NIC "QP.08"]
[Time "19:43:09"]
[TimeControl "180+0"]

1. d4 d5 2. Nf3 Nf6 3. Bf4 c5 4. e3 Nc6 5. c3 Qb6 6. Qc1 Bf5 7. Nbd2 h6 8.
h3 e6 9. Be2 Be7 10. O-O O-O 11. dxc5 Qxc5 12. b4 Qb6 13. a4 a5 14. b5 Na7
15. c4 Rac8 16. Qb2 Bb4 17. Be5 Be7 18. Nd4 Bh7 19. Rac1 Qd8 20. N2b3 b6 21.
Rfd1 Bd6 22. Bxd6 Qxd6 23. cxd5 Nxd5 24. Nf3 Qb4 25. Rd4 Rxc1+ 26. Qxc1 Qxb3
27. Bc4 Rc8 28. Qf1 Qc3 29. Bxd5 exd5 30. Rxd5 Be4 31. Rd7 Rc7 32. Rd8+ Kh7
33. Nd4 Qc1 34. f3 Qxf1+ 35. Kxf1 Rc1+ 36. Kf2 Bg6 37. Rd7 Nc8 38. Nc6 Bc2
39. Rxf7 Bxa4 40. Nd4 Bc2 41. Rc7 Ne7 42. Rxe7 Bg6 43. Rb7 a4 44. Ne6 a3 45.
Rxg7+ Kh8 46. Rxg6 a2 47. Rxh6+ Kg8 48. Nf4 a1=Q 49. Rxb6 Qb2+ 50. Kg3 Rg1
51. Rg6+ Kf7 52. b6 Qc1 53. h4 Qe1+ 54. Kg4 Rh1 55. Kf5 Rxh4
{White forfeits on time}
0-1

[Event "ICCopen2016"]
[Site "Internet Chess Club"]
[Date "2016.06.03"]
[Round "5"]
[White "oskarito"]
[Black "Red-white"]
[Result "0-1"]
[ICCResult "White forfeits on time"]
[WhiteElo "2524"]
[BlackElo "3110"]
[Opening "Caro-Kann: advance variation"]
[ECO "B12"]
[NIC "CK.04"]
[Time "19:43:37"]
[TimeControl "180+0"]

1. e4 c6 2. d4 d5 3. e5 Bf5 4. Nf3 e6 5. Be2 Ne7 6. O-O Bg6 7. Nbd2 Nf5 8.
Nb3 Nd7 9. a4 Be7 10. a5 Rc8 11. c3 a6 12. g4 Nh6 13. Ne1 Ng8 14. f4 f5 15.
g5 h6 16. h4 hxg5 17. hxg5 c5 18. Ng2 cxd4 19. Nxd4 Bc5 20. Be3 Bxd4 21.
cxd4 Ne7 22. Bf2 Nb8 23. Nh4 Nbc6 24. Kg2 Kf7 25. Rh1 Nxa5 26. Nxg6 Nxg6 27.
Bh5 Nc6 28. Qf3 Ne7 29. Kg3 Qb6 {White forfeits on time} 0-1

[Event "ICCopen2016"]
[Site "Internet Chess Club"]
[Date "2016.06.03"]
[Round "5"]
[White "mathman"]
[Black "maxhappy"]
[Result "1-0"]
[ICCResult "Black forfeits on time"]
[WhiteElo "2353"]
[BlackElo "1877"]
[Opening "Sicilian: Taimanov variation"]
[ECO "B46"]
[NIC "SI.44"]
[Time "19:43:30"]
[TimeControl "180+0"]

1. e4 c5 2. Nc3 e6 3. Nge2 Nc6 4. d4 cxd4 5. Nxd4 a6 6. Be3 Nf6 7. Qf3 Bb4
8. O-O-O Bxc3 9. bxc3 Qa5 10. Kb2 Nxd4 11. cxd4 d5 12. Bd3 Qb4+ 13. Ka1 Qc3+
14. Kb1 O-O 15. e5 Ne8 16. Bc1 Qb4+ 17. Bb2 f5 18. h4 Bd7 19. h5 Rc8 20. Qe3
a5 21. Qd2 Qb6 22. Ka1 Bb5 23. Ba3 Bxd3 24. Qxd3 Rf7 25. Rb1 Qc7 26. Rhc1
Qc3+ 27. Qxc3 Rxc3 28. Rb3 Rfc7 29. Kb2 Rxb3+ 30. cxb3 Rxc1 31. Kxc1 Kf7 32.
Kd2 Nc7 33. Bd6 Nb5 34. Bc5 Ke8 35. a4 Nc7 36. Bb6 Na6 37. Bxa5 g6 38. b4
gxh5 39. b5 Nb8 40. Kc3 Nd7 41. Bc7 b6 42. Kb4 Ke7 43. a5 bxa5+ 44. Kxa5 Nf8
45. b6 Kd7 46. Ka6 Kc6 47. b7 Nd7 48. Bd6 h4 49. f4 h5 50. Ka7 h3 51. gxh3
h4 52. Ka8 Kb5 53. b8=Q+ Nxb8 54. Kxb8 Kc4 55. Bc5 Kd3 56. Kc7 Ke4 57. Kd6
Kxf4 58. Kxe6 Ke4 59. Kd6 f4 60. e6 f3 61. e7 Kd3 62. e8=Q f2 63. Qf8 Ke2
64. Qxf2+ Kxf2 65. Kxd5 Kg3 66. Ke5 Kxh3 67. d5 Kg3 68. d6 h3 69. d7 h2 70.
d8=Q Kg2 71. Qg8+ Kf1 72. Qd5 Ke2 73. Qh1 Kd3 74. Qxh2 Kc4 75. Qf4+ Kxc5 76.
Qd4+ Kc6 77. Qd5+ Kc7 78. Ke6 Kb6 79. Qd6+ Ka7 80. Qd7+ {Black forfeits on
time} 1-0

[Event "ICCopen2016"]
[Site "Internet Chess Club"]
[Date "2016.06.03"]
[Round "5"]
[White "cloak1"]
[Black "gmgattass"]
[Result "0-1"]
[ICCResult "White forfeits on time"]
[WhiteElo "1781"]
[BlackElo "2245"]
[Opening "Sicilian: Najdorf, Opocensky variation"]
[ECO "B92"]
[NIC "SI.10"]
[Time "19:43:11"]
[TimeControl "180+0"]

1. e4 c5 2. Nf3 d6 3. d4 cxd4 4. Nxd4 Nf6 5. Nc3 a6 6. Be2 e5 7. Nb3 Nc6 8.
Bg5 Be7 9. Bxf6 Bxf6 10. O-O Be6 11. Nd5 Bg5 12. c3 O-O 13. Qd3 f5 14. f3
Ne7 15. Nxe7+ Qxe7 16. Rfd1 Rad8 17. Qc2 d5 18. exd5 Rxd5 19. c4 Rdd8 20. c5
Rc8 21. Bc4 Be3+ 22. Kh1 Kh8 23. Bxe6 Qxe6 24. Rd3 f4 25. Rad1 Qf5 26. Rc3
Qxc2 27. Rxc2 Rf7 28. h3 Re7 29. Rc4 Re6 30. Re4 Bxc5 31. Nxc5 Re7 32. Nb3
h6 33. Rd5 Rc2 34. Rd2 Rc6 35. Rde2 Rce6 36. Nc5 Rb6 37. Nd3 Rd6 38. Nxe5
Kg8 39. Nc4 Rd1+ 40. Kh2 Rc7 41. Re8+ Kh7 42. R8e4 b5 43. b3 bxc4 44. bxc4
Rc1 45. Rxf4 R1xc4 46. Rxc4 Rxc4 47. Re6 Ra4 48. Re2 Ra3 49. Kg3 h5 50. Kf4
Kh6 51. Ke5 g5 52. Kd6 Kg6 53. Kc6 Kf5 54. Kb6 Kf4 55. Rb2 Kg3 56. Re2 h4
57. Re5 Kxg2 58. Rxg5+ Kxh3 59. f4 Rxa2 60. f5 Kh2 61. f6 Rf2 62. Kxa6 Rxf6+
63. Kb5 Rf4 64. Kc5 h3 65. Kd5 Kh1 66. Ke5 Rf8 67. Rh5 Kg2 68. Ke6 h2 69.
Ke7 Rg8 70. Rxh2+ Kxh2 71. Kf7 Kg3 72. Ke7 Rg5 73. Kf7 Rg4 74. Ke7 Rf4
{White forfeits on time}
0-1

[Event "ICCopen2016"]
[Site "Internet Chess Club"]
[Date "2016.06.03"]
[Round "5"]
[White "welo1969"]
[Black "TitanRivas"]
[Result "1-0"]
[ICCResult "Black forfeits on time"]
[WhiteElo "1388"]
[BlackElo "1866"]
[Opening "Neo-Grünfeld, 6.O-O, main line"]
[ECO "D79"]
[NIC "GI.02"]
[Time "19:43:06"]
[TimeControl "180+0"]

1. d4 Nf6 2. Nf3 g6 3. g3 Bg7 4. Bg2 O-O 5. O-O d5 6. c4 c6 7. cxd5 cxd5 8.
Ne5 e6 9. Nc3 Nfd7 10. Nf3 Nc6 11. a3 Qb6 12. e3 a6 13. Na4 Qa7 14. b4 b6
15. Bb2 Bb7 16. Rc1 Rac8 17. Qb3 Ne7 18. Nc3 Nf5 19. b5 Nd6 20. a4 Nc4 21.
Rc2 Nxb2 22. Qxb2 a5 23. Rfc1 Qb8 24. Qb3 Qd6 25. Ne2 Rxc2 26. Rxc2 Rc8 27.
Rxc8+ Bxc8 28. Qc2 Bb7 29. Nf4 Bf8 30. Nd3 Qb8 31. Nfe5 Nxe5 32. Nxe5 Bd6
33. Nc6 Qc7 34. e4 dxe4 35. Bxe4 Kg7 36. d5 exd5 37. Bxd5 Qd7 38. Qc3+ f6
39. Qc4 Bc5 40. Kg2 Bc8 41. Qe4 Qh3+ 42. Kg1 Qf5 43. Qxf5 Bxf5 44. Bb3 Be4
45. Kf1 f5 46. Ke2 Kf6 47. f3 Bb1 48. Nb8 Ke7 49. Nc6+ Kd6 50. h3 h6 51. g4
fxg4 52. hxg4 g5 53. Nd8 Bg6 54. Ne6 Bg1 55. f4 gxf4 56. Nxf4 Be8 57. Kf3
Kc5 58. Bd1 Kb4 59. Nd3+ Kc3 60. Ne5 Bh2 61. Nc6 Bd6 62. Ke4 Bf7 63. Nd4 Bc5
64. Nf5 Bg6 65. Kd5 h5 66. Nh4 {Black forfeits on time} 1-0

[Event "ICCopen2016"]
[Site "Internet Chess Club"]
[Date "2016.06.03"]
[Round "5"]
[White "RussianCowboy"]
[Black "ShadowLike"]
[Result "1-0"]
[ICCResult "Black forfeits on time"]
[WhiteElo "1803"]
[BlackElo "1962"]
[Opening "Inverted Hungarian"]
[ECO "C44"]
[NIC "KP.10"]
[Time "19:43:29"]
[TimeControl "180+0"]

1. e4 e5 2. Nf3 Nc6 3. Be2 Nf6 4. d3 Be7 5. O-O O-O 6. Nbd2 Ne8 7. c3 d6 8.
b4 f5 9. b5 Nb8 10. d4 Nd7 11. exf5 Rxf5 12. dxe5 Nxe5 13. Nxe5 Rxe5 14. Nf3
Rc5 15. Ba3 Rxc3 16. Bb4 Rxf3 17. Bxf3 Qd7 18. Re1 Bf6 19. Rc1 Qxb5 20. Rb1
Bf5 21. Qd5+ Qxd5 22. Bxd5+ Kf8 23. Rbc1 c6 24. Bf3 Be7 25. g4 Bg6 26. Re2
a5 27. Bc3 Bf6 28. Bd2 Be5 29. Kg2 Nf6 30. h4 h6 31. h5 Bf7 32. Be3 Nd5 33.
Bd2 a4 34. a3 Re8 35. Rb1 Nf4+ 36. Bxf4 Bxf4 37. Rxe8+ Kxe8 38. Rxb7 c5 39.
Bc6+ Kf8 40. Bxa4 c4 41. Bc2 d5 42. Kf1 d4 43. a4 d3 44. Bd1 Bd5 45. Rd7 c3
46. Rxd5 c2 47. Bxc2 dxc2 48. Rc5 c1=Q+ 49. Rxc1 Bxc1 50. a5 Bf4 51. a6 Ke7
52. Ke2 Bb8 53. Kd3 Ba7 54. Ke4 Bxf2 55. Kf5 Ba7 56. Kg6 Kf8 57. Kf5
{Black forfeits on time}
1-0

[Event "ICCopen2016"]
[Site "Internet Chess Club"]
[Date "2016.06.03"]
[Round "5"]
[White "GoldenCountry"]
[Black "edwspin"]
[Result "1-0"]
[ICCResult "Black forfeits on time"]
[WhiteElo "1477"]
[BlackElo "1577"]
[Opening "French defense"]
[ECO "C01"]
[NIC "FR.01"]
[Time "19:42:58"]
[TimeControl "180+0"]

1. e4 e6 2. d4 Ne7 3. c4 d6 4. Nc3 Nd7 5. Be3 g6 6. Bd3 Bg7 7. Nge2 O-O 8.
O-O Nf6 9. h3 b6 10. f4 Bb7 11. Rc1 Qd7 12. e5 Ne8 13. Be4 c6 14. Qc2 Nf5
15. Bxf5 exf5 16. Rfd1 d5 17. b3 Nc7 18. Ng3 Rac8 19. c5 Rfe8 20. b4 f6 21.
Qf2 fxe5 22. fxe5 Ne6 23. Nge2 Rf8 24. Nf4 Ng5 25. h4 Ne4 26. Nxe4 fxe4 27.
Qg3 Rf5 28. Rf1 Rcf8 29. Ne2 b5 30. Rxf5 Qxf5 31. Bf4 Bc8 32. Qg5 Qf7 33.
Rf1 Qe6 34. Qg3 Rf5 35. Bg5 h6 36. Rxf5 Qxf5 37. Bf4 Be6 38. Qh3 Qf7 39. Qg3
g5 40. hxg5 hxg5 41. Qxg5 Bf5 42. Qd8+ Kh7 43. Qh4+ Kg8 44. Qg3 Qf8 45. Qe3
Bh7 46. Qf2 Qf5 47. Qg3 Qh5 48. Qe3 Kf7 49. Qf2 {Black forfeits on time} 1-0